 Dungeon Crawl Stone Soup version 0.17-a0-1804-gf6433eb (webtiles) character file.

121 masdan the Digger (level 5, 0/55 HPs)
             Began as a Human Earth Elementalist on Sept 11, 2015.
             Succumbed to an adder's poison
             ... on level 3 of the Dungeon.
             The game lasted 00:28:41 (5161 turns).

masdan the Digger (Human Earth Elementalist)        Turns: 5161, Time: 00:28:41

Health: 0/55       AC: 22    Str: 13    XL:     5   Next: 26%
Magic:  9/9        EV:  2    Int: 17    God:
Gold:   182        SH:  0    Dex: 13    Spells: 5 memorised, 0 levels left

rFire  . . .     SeeInvis .     l - +0 spear
rCold  . . .     Clarity  .     (armour currently unavailable)
rNeg   + + +     SustAt   .     (no shield)
rPois  +         Gourm    .     (helmet currently unavailable)
rElec  .         Spirit   .     (cloak currently unavailable)
rCorr  .         Warding  .     (gloves currently unavailable)
rMut   .         NoTele   +     (boots currently unavailable)
MR     .....                    (no amulet)
Stlth  ++........               (no ring)
                                (no ring)

@: mighty, lethally poisoned (0 -> -1), tree-form, not resistant to hostile
enchantments, unstealthy
A: no striking features
a: no special abilities


You were on level 3 of the Dungeon.
You were not hungry.
You were a tree.
You visited 1 branch of the dungeon, and saw 4 of its levels.

You collected 182 gold pieces.

Inventory:

Hand weapons
 d - a cursed +0 club
 f - a +0 dagger
 i - a +0 club
 k - a +0 hand axe
 l - a +0 spear (weapon)
Missiles
 a - 38 stones (quivered)
 m - 2 tomahawks
Armour
 b - a +0 robe
 y - a cursed +0 naga barding
 A - a +0 robe (melded)
 D - a +0 leather armour of poison resistance
 H - a +0 chain mail
Scrolls
 e - a scroll of magic mapping {unknown}
 g - 3 scrolls of remove curse {unknown}
 h - a scroll of enchant armour {unknown}
 j - a scroll of noise {unknown}
 o - a scroll of immolation {unknown}
 G - a scroll of amnesia {unknown}
Potions
 u - 2 potions of lignification
 z - a potion of magic
 C - a potion of might
Books
 c - a book of Geomancy

   Spells                             Type                      Level
   a - Sandblast                      Earth                        1
   b - Stoneskin                      Transmutation/Earth          2
   c - Passwall                       Transmutation/Earth          3
   d - Stone Arrow                    Conjuration/Earth            3
   e - Petrify                        Transmutation/Earth          4
   f - Lee's Rapid Deconstruction     Earth                        5
 F - a book of Callings

   Spells                             Type                      Level
   a - Summon Small Mammal            Summoning                    1
   b - Call Imp                       Summoning                    2
   c - Call Canine Familiar           Summoning                    3
   d - Summon Guardian Golem          Hexes/Summoning              3
   e - Summon Lightning Spire         Summoning/Air                4
   f - Summon Ice Beast               Ice/Summoning                4
Comestibles
 n - a chunk of flesh
 r - a bread ration
 t - a beef jerky


   Skills:
 - Level 1.1 Fighting
 - Level 0.4 Armour
 - Level 2.0 Dodging
 - Level 2.0 Stealth
 - Level 3.0 Spellcasting
 * Level 1.3 Summonings
 * Level 1.8 Transmutations
 - Level 3.9 Earth Magic


You couldn't memorise any spells.
You knew the following spells:

 Your Spells              Type           Power        Failure   Level  Hunger
a - Sandblast             Erth           ###...       3%          1    None
b - Stoneskin             Trmt/Erth      ##......     10%         2    ##.....
c - Passwall              Trmt/Erth      ##........   17%         3    ###....
d - Summon Small Mammal   Summ           #...         12%         1    None
e - Stone Arrow           Conj/Erth      #.....       24%         3    ###....


Dungeon Overview and Level Annotations

Branches:
Dungeon (4/15)
 Temple: D:4-7

Altars:
Fedhas
Ru

Annotations:
D:2 exclusion: oklob plant
D:4 Eustachio


Message History

There is a lethal amount of poison in your body!
* * * LOW HITPOINT WARNING * * *
You feel sick.
Unknown command.
* * * LOW HITPOINT WARNING * * *
You feel sick.
* * * LOW HITPOINT WARNING * * *
You feel sick.
Your magical contamination has completely faded away.
Unknown command.
Unknown command.
* * * LOW HITPOINT WARNING * * *
You feel sick.
There is a lethal amount of poison in your body!
There is a lethal amount of poison in your body!
* * * LOW HITPOINT WARNING * * *
You feel sick.
* * * LOW HITPOINT WARNING * * *
You feel sick.
You die...

############### ###
#.....>.......# ##.## ###
#.###########.###.#.##########.#
##.###########.##.###............
.................## ##....#.#....
##..>.............###.###........
##.#...........#♣..#..#####.#....
..>.......######..........#.##...
##..#####.# #..###.###.#.###.#
#...## #.# #..# #............
.....####.######..###.###.####...
.......##........................
...###.##.#####..##.#####........
...# #....# #..##.# #####....
...###.#### #.....# ##..<


There were no monsters in sight!

Vanquished Creatures
  4 adders
  A worm (D:1)
  4 giant geckos
  3 orcs (D:3)
  A ball python (D:1)
  4 giant cockroaches
  12 goblins
  8 hobgoblins
  8 jackals
  4 kobolds
  A quokka (D:3)
  7 bats
  2 giant newts
  11 rats
  3 fungi (D:2)
  2 plants (D:2)
75 creatures vanquished.

Vanquished Creatures (collateral kills)
  An orc (D:3)
1 creature vanquished.

Vanquished Creatures (others)
  4 fungi (D:2)
  2 plants (D:2)
  13 toadstools (D:2)
19 creatures vanquished.

Grand Total: 95 creatures vanquished

Notes
Turn   | Place    | Note
--------------------------------------------------------------
     0 | D:1      | masdan the Human Earth Elementalist began the quest for the Orb.
     0 | D:1      | Reached XP level 1. HP: 13/13 MP: 3/3
   349 | D:1      | Reached XP level 2. HP: 19/19 MP: 1/5
   664 | D:1      | Learned a level 2 spell: Stoneskin
   836 | D:1      | Reached XP level 3. HP: 8/25 MP: 0/6
  1069 | D:1      | Learned a level 3 spell: Passwall
  1221 | D:1      | Reached skill level 1 in Fighting
  1834 | D:2      | Reached XP level 4. HP: 32/32 MP: 3/7
  2279 | D:2      | Found a blossoming altar of Fedhas.
  2292 | D:2      | Noticed an oklob plant
  3195 | D:3      | Learned a level 1 spell: Summon Small Mammal
  3619 | D:3      | Found a sacrificial altar of Ru.
  4522 | D:3      | Reached XP level 5. HP: 31/37 MP: 4/9
  4843 | D:3      | Learned a level 3 spell: Stone Arrow
  4845 | D:3      | Reached skill level 1 in Summonings
  5097 | D:4      | Noticed Eustachio
  5144 | D:3      | HP: 2/55 [poisoned by an adder]
  5149 | D:3      | HP: 1/55 [poisoned by an adder]
  5157 | D:3      | HP: 1/55 [poisoned by an adder]
  5161 | D:3      | Succumbed to an adder's poison

Vault maps used:
D:1:      matt_arrival_los_fun
D:2:      hex_medium, tgw_fedhas
D:3:      lemuel_coloured_pillars_altar, first_bread
D:4:      grunt_temple_overflow_forces_of_nature, grunt_dithmenos_smoke,
          gammafunk_temple_overflow_wave, serial_shops,
          nicolae_shop_scaring_up_business, nicolae_shop_window_shopping, shop,
          shop_scrolls, nicolae_ossuary_entry_plus, uniq_edmund, uniq_eustachio

Action                   |  1- 3 |  4- 6 || total
-------------------------+-------+-------++-------
Melee: Unarmed           |    19 |       ||    19
       Dagger            |     8 |       ||     8
       Spear             |    18 |   314 ||   332
Throw: Stone             |     4 |    10 ||    14
 Cast: Sandblast         |    53 |    96 ||   149
       Stoneskin         |     2 |       ||     2
       Summon Small Mamm |       |    21 ||    21
       Passwall          |       |     1 ||     1
       Stone Arrow       |       |     3 ||     3
  Use: Potion            |       |     4 ||     4
  Eat: Bread ration      |     1 |     1 ||     2
       Chunk             |       |     4 ||     4
       Beef jerky        |       |     1 ||     1
       Pizza             |       |     1 ||     1
